 Dungeon Crawl Stone Soup version 0.18.1-50-g88ac8fd (webtiles) character file.

98 Malachi the Skirmisher (level 4, -7/55 HPs)
             Began as a Vampire Berserker on Oct 28, 2016.
             Was a Believer of Trog.
             Mangled by a gnoll
             ... wielding a +0 spear
              (9 damage)
             ... on level 2 of the Dungeon.
             The game lasted 00:02:41 (1211 turns).

Malachi the Skirmisher (Vampire Berserker)          Turns: 1211, Time: 00:02:41

Health: -7/55      AC:  2    Str: 22    XL:     4   Next: 44%
Magic:  4/4        EV: 13    Int:  9    God:    Trog [**....]
Gold:   35         SH:  0    Dex: 13    Spells: 0 memorised, 3 levels left

rFire  . . .     SeeInvis +     a - +0 hand axe
rCold  . . .     Gourm    .     b - +0 animal skin
rNeg   . . .     Faith    .     (no shield)
rPois  .         Spirit   .     (no helmet)
rElec  .         Dismiss  .     (no cloak)
rCorr  .         Reflect  .     (no gloves)
SustAt .         Harm     .     (no boots)
MR     .....                    (no amulet)
Stlth  ..........               (no ring)
                                (no ring)

@: berserking, regenerating quickly, very quick, not resistant to hostile
enchantments, extremely unstealthy
A: fangs 3, see invisible, unbreathing
a: Berserk, Trog's Hand, Burn Spellbooks, Renounce Religion


You were on level 2 of the Dungeon.
You worshipped Trog.
Trog was pleased with you.
You were very full.

You visited 1 branch of the dungeon, and saw 2 of its levels.

You collected 35 gold pieces.

Inventory:

Hand Weapons
 a - a +0 hand axe (weapon)
Armour
 b - a +0 animal skin (worn)
Scrolls
 d - a scroll of blinking {unknown}
 g - a scroll of teleportation {unknown}
 h - a scroll of random uselessness {unknown}
 i - a scroll of identify {unknown}
 k - 2 scrolls of remove curse {unknown}
 l - a scroll of fog {unknown}
 m - a scroll of fear {unknown}
Potions
 c - a potion of blood
 e - a potion of berserk rage {unknown}
 f - 3 potions of flight {unknown}
 j - 3 potions of curing {unknown}


   Skills:
 + Level 3.7 Fighting
 + Level 3.1 Axes
 + Level 1.6 Armour
 + Level 3.5 Dodging
 + Level 0.4 Stealth


You had 3 spell levels left.
You didn't know any spells.

Dungeon Overview and Level Annotations

Branches:
Dungeon (2/15)

Altars:


Innate Abilities, Weirdness & Mutations

Your natural rate of healing is unusually fast.
You have razor-sharp teeth.
You have supernaturally acute eyesight.
You can survive without breathing.


Message History

You hit the gnoll.
The gnoll is severely wounded.
The gnoll barely misses you. The gnoll closely misses you.
You slash the gnoll!
You kill the gnoll!
Trog accepts your kill.
The gnoll hits you from afar with a spear!
* * * LOW HITPOINT WARNING * * *
You slash the gnoll!
You kill the gnoll!
Trog accepts your kill.
The gnoll hits you from afar with a spear.
* * * LOW HITPOINT WARNING * * *
You slash the giant gecko!
You kill the giant gecko!
Trog accepts your kill.
You slash the gnoll!
The gnoll is severely wounded.
The gnoll hits you from afar with a spear!
You die...

########## #.%...##.#
#..##.##.# #.###.##.# #.#
#....# ### #@# ####.#### #..
#########g######....####..
#>........g...............
#####.#.#g##....#####.#.#.##.[
#.......#.##.....#....#.#.####
#.......#l##.##..#.#..#.....#
#.......#..#.##(.###..###g#.#
#.......#.#####.##<##)..#g#.#
#.......#g#####.#...#.#.#.#.##


You could see 2 gnolls.

Vanquished Creatures
  2 gnolls (D:2)
  4 adders (D:2)
  An ooze (D:2)
  A worm (D:2)
  A giant gecko (D:2)
  4 bats
  2 giant cockroaches (D:1)
  5 goblins
  A hobgoblin (D:2)
  2 ball pythons
  5 giant newts
  7 kobolds
  6 rats
41 creatures vanquished.

Notes
Turn   | Place    | Note
--------------------------------------------------------------
     0 | D:1      | Malachi the Vampire Berserker began the quest for the Orb.
     0 | D:1      | Reached XP level 1. HP: 17/17 MP: 1/1
   350 | D:1      | Reached XP level 2. HP: 23/24 MP: 2/2
   526 | D:1      | Reached ** piety under Trog
   668 | D:2      | Reached XP level 3. HP: 17/29 MP: 3/3
  1098 | D:2      | Reached XP level 4. HP: 14/35 MP: 4/4
  1209 | D:2      | HP: 1/55 [gnoll/spear (2)]
  1211 | D:2      | Mangled by a gnoll

Skill      XL: |  1  2  3 |
---------------+----------+-----
Fighting       | 3 |  3.7
Axes           | 3 |  3.1
Dodging        | 3 |  3.5
Armour         | |  1.6
Stealth        | |  0.4

Action                   |  1- 3 |  4- 6 || total
-------------------------+-------+-------++-------
Melee: Hand axe          |   108 |    16 ||   124
       Bite              |    11 |     1 ||    12
Invok: Berserk           |     1 |     1 ||     2
       Trog's Hand       |       |     1 ||     1
  Eat: Corpse            |    14 |     2 ||    16
Armor: Animal skin       |    21 |     1 ||    22
Dodge: Dodged            |    82 |    16 ||    98
